Map: Terraform LE (Void)

Players

avilo

  • Race: Zerg Zerg
  • League: Platinum

ImotoFantasy - Winner!

  • Race: Protoss Protoss
  • League: Platinum

VOD

Have the link to the VOD?

Description

Time

  • Played on: Oct. 28, 2015, 12:14 a.m.
  • Length: 14:13
Show
View Real Time Build Order
Export as new Build Order

avilo Zerg 

Build Orders: 3 Hatch before Pool 

Get SALT Encoding   

  12  0:01  Drone  
  13  0:13  Overlord  
  13  0:17  Drone  
  14  0:33  Drone  
  14  0:34  Drone  
  16  0:40  Drone  
  17  0:53  Hatchery  
  16  0:58  Drone  
  16  1:03  Drone  
  18  1:22  Drone  
  19  1:26  Drone  
  19  1:27  Hatchery  
  19  1:40  Spawning Pool  
  19  1:46  Drone x2  
  20  1:48  Extractor  
  19  2:04  Drone  
  20  2:15  Overlord  
  20  2:16  Drone x3  
  23  2:24  Drone  
  23  2:27  Queen  
  26  2:31  Queen  
  26  2:35  Drone  
  29  2:37  Drone  
  30  2:45  Queen  
  30  2:49  Drone  
  30  2:50  Drone  
  34  2:53  Drone  
  34  3:00  Metabolic Boost  
  34  3:03  Overlord  
  34  3:17  Spore Crawler  
  34  3:18  Drone x2  
  34  3:19  Spore Crawler  
  34  3:25  Drone x5  
  39  3:34  Lair  
  39  3:36  Extractor  
  39  3:40  Queen  
  40  3:43  Drone  
  41  3:49  Drone x3  
  41  3:52  Drone x2  
  41  3:54  Drone  
  47  3:57  Overlord  
  47  4:06  Drone x3  
  47  4:08  Overlord  
  50  4:22  Extractor  
  49  4:25  Drone x3  
  49  4:26  Drone  
  49  4:27  Roach Warren  
  52  4:31  Overlord x2  
  52  4:44  Spore Crawler  
  52  4:45  Overlord x2  
  51  4:49  Drone x4  
  55  4:53  Extractor  
  54  5:00  Drone x8  
  62  5:12  Drone  
  62  5:13  Drone x3  
  66  5:15  Evolution Chamber  
  66  5:16  Glial Reconstitution  
  65  5:24  Overseer  
  65  5:29  Hydralisk Den  
  65  5:35  Drone x3  
  66  5:38  Extractor  
  66  5:39  Extractor  
  66  5:41  Overlord x2  
  66  5:42  Pneumatized Carapace  
  65  5:44  Burrow  
  65  5:51  Drone x5  
  65  5:52  Drone x3  
  73  6:07  Hydralisk x2, Muscular Augments  
  73  6:08  Hydralisk x6  
  73  6:10  Overlord x2  
  89  6:15  Zerg Missile Weapons Level 1  
  89  6:31  Drone x3  
  92  6:33  Hydralisk x5  
  102  6:43  Hydralisk x2  
  102  6:46  Overlord x4  
  106  6:53  Hatchery  
  105  7:08  Hydralisk x10  
  103  7:14  Extractor  
  122  7:16  Extractor  
  119  7:23  Zergling x12  
  119  7:24  Zergling x2  
  126  7:37  Zergling x6  
  129  7:45  Overlord x4  
  129  7:51  Lurker Den  
  124  8:12  Hydralisk x8  
  118  8:13  Hydralisk x3  
  135  8:26  Hydralisk  
  123  8:27  Hydralisk x11  
  119  8:50  Spire  
  119  8:52  Drone x8  
  124  9:01  Zerg Missile Weapons Level 2  
  124  9:04  Queen  
  124  9:05  Queen  
  124  9:06  Queen  
  124  9:07  Queen  
  132  9:13  Zergling x16  
  140  9:39  Spire  
  140  9:41  Infestation Pit  
  138  9:54  Zergling x24  
  138  9:55  Zergling x12  
  156  10:09  Overlord x3  
  156  10:10  Overlord x2  
  156  10:13  Zerg Flyer Weapons Level 1  
  156  10:20  Corruptor x6  
  168  10:27  Queen x3  
  174  10:28  Hive  
  174  10:35  Spore Crawler x2  
  172  10:36  Spore Crawler  
  172  10:39  Corruptor  
  172  10:40  Corruptor x2  
  143  11:01  Corruptor x5  
  127  11:12  Zerg Flyer Armor Level 1  
  127  11:19  Drone x5  
  127  11:20  Drone  
  133  11:28  Corruptor  
  133  11:29  Corruptor x3  
  141  11:45  Viper x5  
  156  12:07  Hydralisk x6  
  156  12:08  Hatchery  
  167  12:12  Extractor  
  166  12:25  Corruptor  
  166  12:26  Corruptor x4  
  176  12:45  Corruptor  
  176  12:46  Corruptor x4  
  145  13:25  Corruptor x4  
  145  13:26  Corruptor x3  
  97  13:47  Hydralisk  
  97  13:48  Hydralisk x6  
Show
View Real Time Build Order
Export as new Build Order

ImotoFantasy Protoss - Winner!

Build Orders: Nexus First 

Get SALT Encoding   

  12  0:01  Probe (Chrono Boost)  
  13  0:12  Probe (Chrono Boost)  
  14  0:24  Probe (Chrono Boost), Pylon  
  15  0:42  Probe (Chrono Boost)  
  16  0:52  Probe (Chrono Boost)  
  17  1:01  Nexus  
  17  1:05  Probe (Chrono Boost)  
  18  1:15  Gateway  
  18  1:18  Probe (Chrono Boost)  
  19  1:23  Assimilator  
  19  1:29  Assimilator  
  19  1:31  Probe (Chrono Boost)  
  20  1:42  Probe (Chrono Boost)  
  21  1:52  Probe (Chrono Boost)  
  22  2:03  Probe (Chrono Boost)  
  22  2:06  Cybernetics Core  
  23  2:13  Probe (Chrono Boost)  
  24  2:16  Probe (Chrono Boost)  
  25  2:24  Probe (Chrono Boost)  
  25  2:27  Probe (Chrono Boost)  
  27  2:36  Nexus  
  27  2:39  Probe (Chrono Boost)  
  28  2:45  Mothership Core (Chrono Boost)  
  28  2:50  Pylon  
  30  2:53  Probe (Chrono Boost)  
  31  2:59  Zealot  
  31  3:01  Warp Gate  
  34  3:05  Probe (Chrono Boost)  
  34  3:06  Probe (Chrono Boost)  
  35  3:16  Pylon  
  35  3:18  Probe x2 (Chrono Boost)  
  39  3:27  Sentry  
  39  3:28  Probe x2 (Chrono Boost)  
  41  3:39  Probe x2 (Chrono Boost)  
  41  3:40  Stargate  
  43  3:46  Pylon  
  43  3:48  Probe (Chrono Boost)  
  43  3:49  Probe x2 (Chrono Boost)  
  46  3:57  Forge  
  46  3:59  Probe (Chrono Boost)  
  46  4:00  Probe x2 (Chrono Boost)  
  49  4:08  Assimilator  
  49  4:10  Probe x3 (Chrono Boost), Assimilator  
  49  4:16  Pylon  
  52  4:20  Probe (Chrono Boost)  
  52  4:21  Pylon  
  52  4:22  Probe (Chrono Boost)  
  52  4:23  Probe (Chrono Boost)  
  55  4:26  Phoenix (Chrono Boost)  
  55  4:30  Fleet Beacon  
  57  4:35  Stargate  
  57  4:38  Probe x3  
  60  4:48  Protoss Air Weapons Level 1  
  60  4:50  Probe  
  61  4:54  Photon Cannon  
  61  4:57  Phoenix (Chrono Boost), Photon Cannon  
  61  4:59  Photon Cannon  
  63  5:01  Probe x2  
  63  5:02  Probe  
  66  5:07  Assimilator  
  66  5:08  Assimilator  
  66  5:12  Probe x2  
  68  5:14  Probe  
  68  5:20  Phoenix x2 (Chrono Boost)  
  73  5:30  Probe  
  73  5:31  Probe x2  
  76  5:41  Pylon  
  76  5:42  Pylon  
  76  5:43  Probe x3  
  79  5:56  Carrier x2 (Chrono Boost)  
  91  5:58  Pylon  
  91  5:59  Pylon  
  91  6:01  Photon Cannon  
  91  6:10  Probe x2  
  93  6:11  Stargate  
  93  6:18  Photon Cannon  
  93  6:24  Stargate  
  93  6:33  Photon Cannon  
  93  6:35  Photon Cannon  
  93  6:37  Photon Cannon  
  93  6:39  Photon Cannon  
  93  6:42  Photon Cannon  
  93  6:45  Photon Cannon  
  93  6:49  Photon Cannon  
  93  6:50  Pylon  
  93  6:55  Pylon  
  93  6:58  Graviton Catapult  
  93  6:59  Photon Cannon  
  99  7:10  Carrier x2 (Chrono Boost)  
  99  7:11  Carrier (Chrono Boost)  
  115  7:35  Carrier (Chrono Boost)  
  113  7:46  Photon Cannon  
  113  7:48  Photon Cannon x2  
  113  7:58  Photon Cannon  
  113  7:59  Pylon  
  113  8:05  Pylon  
  113  8:16  Cybernetics Core  
  111  8:23  Carrier (Chrono Boost)  
  111  8:24  Carrier (Chrono Boost)  
  111  8:26  Pylon  
  117  8:27  Carrier (Chrono Boost)  
  125  8:54  Protoss Air Weapons Level 2 (Chrono Boost)  
  125  9:03  Gateway  
  125  9:04  Gateway  
  125  9:13  Pylon  
  125  9:28  Void Ray  
  129  9:34  Pylon  
  129  9:36  Pylon  
  129  9:51  Void Ray x2  
  129  9:57  Void Ray  
  141  10:09  Robotics Facility  
  141  10:11  Nexus  
  141  10:18  Pylon x2  
  141  10:20  Pylon  
  141  10:23  Carrier  
  141  10:24  Carrier x2  
  141  10:25  Pylon  
  147  10:29  Pylon  
  159  10:40  Carrier  
  165  10:43  Zealot x2  
  163  11:12  Probe  
  163  11:13  Probe x2, Photon Cannon x2  
  163  11:15  Photon Cannon  
  166  11:18  Assimilator  
  166  11:22  Assimilator  
  166  11:27  Photon Cannon  
  166  11:35  Photon Cannon  
  166  11:37  Pylon  
  166  11:42  Probe x3  
  169  11:50  Observer  
  170  11:56  Void Ray x2  
  170  11:58  Photon Cannon  
  170  12:02  Void Ray, Pylon  
  182  12:09  Mothership Core  
  184  12:22  Void Ray  
  194  12:38  Carrier  
  199  13:21  Void Ray  
Tags
 
Add a new tag
Caveats
  • Supply blocks, unpowered buildings, or Contaminate may cause inaccurate times.
  • Supply counts are checked every 10 seconds.